 Dungeon Crawl Stone Soup version 0.27.0-1-g7a089689b8 (webtiles) character file.

Game seed: 14133525989077131769

828 Naeght the Spear-Bearer (level 7, -2/54 HPs)
             Began as a Merfolk Gladiator on Aug 17, 2021.
             Slain by a mummy (15 damage)
             ... in an ossuary.
             The game lasted 00:16:21 (4470 turns).

Naeght the Spear-Bearer (Merfolk Gladiator)         Turns: 4470, Time: 00:16:21

Health: -2/54      AC:  9    Str: 14    XL:     7   Next: 97%
Magic:  11/11      EV: 14    Int:  9    God:
Gold:   226        SH:  0    Dex: 16    Spells: 8/11 levels left

rFire    + + .     SeeInvis .   a - +0 trident
rCold    . . .     Faith    .   (no shield)
rNeg     . . .     Spirit   .   b - +0 troll leather armour {Purgy}
rPois    .         Reflect  .   c - +0 helmet
rElec    .         Harm     .   m - +2 cloak {Stlth+}
rCorr    .         Rampage  .   (no gloves)
Will     .....                  o - +0 pair of boots
Stlth    ++........             (no amulet)
HPRegen  1.18/turn              q - ring of protection from fire
MPRegen  0.12/turn              p - ring of protection from fire

@: no status effects
A: (nimble swimmer 2), mertail
a: no special abilities


You were in an ossuary.
You visited 1 branch of the dungeon, and saw 4 of its levels.
You also visited: Ossuary.

You collected 226 gold pieces.

Inventory:

Hand Weapons
 a - a +0 trident (weapon)
Missiles
 d - 3 throwing nets
 i - 7 boomerangs (quivered)
 l - 5 javelins
Armour
 b - a +0 troll leather armour (worn) {Purgy}
 c - a +0 helmet (worn)
 m - a +2 cloak of stealth (worn)
 o - a +0 pair of boots (worn)
Jewellery
 p - a ring of protection from fire (right hand)
 q - a ring of protection from fire (left hand)
Wands
 j - a wand of polymorph (6)
Scrolls
 e - a scroll of enchant armour {unknown}
 f - a scroll of magic mapping {unknown}
 g - 4 scrolls of identify {unknown}
Potions
 h - a potion of degeneration {unknown}
 n - a potion of heal wounds {unknown}


   Skills:
 + Level 4.3 Fighting
 * Level 8.5 Polearms
 - Level 2.0 Throwing
 + Level 0.5 Armour
 + Level 6.2 Dodging
 + Level 2.8 Spellcasting
 + Level 3.9 Transmutations


You had 8 spell levels left.
You knew the following spells:

 Your Spells              Type           Power      Damage    Failure   Level
a - Beastly Appendage     Tmut           16%        N/A       8%          1
b - Wereblood             Tmut           8%         N/A       12%         2

Your spell library contained the following spells:

 Spells                   Type           Power      Damage    Failure   Level
 Apportation              Tloc           2%         N/A       36%         1
 Spider Form              Tmut/Pois      2%         N/A       45%         3
 Summon Ice Beast         Ice/Summ       1%         N/A       98%         4
 Alistair's Intoxication  Tmut/Pois      2%         N/A       99%         5
 Summon Mana Viper        Hex/Summ       1%         N/A       100%        5
 Invisibility             Hex            0%         N/A       100%        6
 Monstrous Menagerie      Summ           0%         N/A       100%        7


Dungeon Overview and Level Annotations

Branches:
Dungeon (4/15)            Ossuary (1/1)
 Temple: D:4-7

Altars:
The Shining One

Annotations:
D:4 Blork the orc


Innate Abilities, Weirdness & Mutations

((You are quick and stealthy near water. (Stealth+, EV+, Speed+++)))
Your lower body shifts to a powerful aquatic tail in water.


Message History

You hit the mummy but do no damage.
The mummy is lightly damaged.
The mummy hits you.
Unknown command.
You hit the mummy but do no damage.
The mummy is lightly damaged.
The mummy closely misses you.
You puncture the mummy!
The mummy is heavily damaged.
The mummy hits you but does no damage.
You hit the mummy but do no damage.
The mummy is heavily damaged.
The mummy hits you!
Unknown command.
You closely miss the mummy.
The mummy is heavily damaged.
The mummy hits you.
You puncture the mummy!
The mummy is almost destroyed.
The mummy misses you. The mummy closely misses you.
You are too injured to fight recklessly!
You are too injured to fight recklessly!
You hit the mummy but do no damage.
The mummy is moderately damaged.
You puncture the mummy!
The mummy is almost destroyed.
You hit the wyvern zombie but do no damage.
The wyvern zombie bites you but does no damage.
You hit the wyvern zombie.
The wyvern zombie is lightly damaged.
The wyvern zombie closely misses you. The mummy hits you!
* * * LOW HITPOINT WARNING * * *
You hit the mummy.
The mummy is almost destroyed.
The wyvern zombie barely misses you.
You hit the mummy.
The mummy is almost destroyed.
The wyvern zombie misses you. The mummy hits you!
You die...

##### # #.#.#
#'#'#'#'#Z#+#
.........MZM+
#####.#####@###
# #...#.'.#
#.∩.'.###
#∩..#.'.#
#####.### +.+
#.# #.+ +.#


You could see 2 mummies, a water moccasin zombie and a wyvern zombie.

Vanquished Creatures
  Sigmund (D:3)
  A golden eye (D:2)
  Purgy (D:3)
  A black bear (D:3)
  A centaur zombie (Ossuary)
  2 bullfrog zombies (Ossuary)
  A hound (D:3)
  2 orc wizards (D:3)
  4 mummies (Ossuary)
  Robin (D:4)
  2 adders (D:3)
  2 dart slugs
  11 orcs (D:3)
  5 ball pythons
  4 bats
  3 endoplasms
  A giant cockroach (D:2)
  13 goblins
  7 hobgoblins
  2 jackals (D:2)
  A quokka (D:1)
  9 kobolds
  9 rats
84 creatures vanquished.

Vanquished Creatures (others)
  5 fungi (D:2)
  5 toadstools (D:2)
  3 withered plants (Ossuary)
13 creatures vanquished.

Grand Total: 97 creatures vanquished

Notes
Turn   | Place    | Note
-------+----------+-------------------------------------------
     0 | D:1      | Naeght the Merfolk Gladiator began the quest for the Orb.
     0 | D:1      | Reached XP level 1. HP: 16/16 MP: 1/1
   227 | D:1      | Reached XP level 2. HP: 20/23 MP: 2/2
   234 | D:1      | Learned a level 1 spell: Beastly Appendage
   434 | D:1      | Reached skill level 5 in Polearms
   928 | D:2      | Reached XP level 3. HP: 28/28 MP: 3/3
   930 | D:2      | Found a faded altar of an unknown god.
   943 | D:2      | Learned a level 2 spell: Wereblood
  1096 | D:2      | Found a runed translucent door.
  1097 | D:2      | Noticed Crazy Yiuf
  1101 | D:2      | Noticed Crazy Yiuf
  1101 | D:2      | Crazy Yiuf changed into Crazy Yiuf the golden eye
  2199 | D:2      | Killed Crazy Yiuf the golden eye
  2200 | D:2      | Reached skill level 6 in Polearms
  2200 | D:2      | Reached skill level 5 in Dodging
  2200 | D:2      | Reached skill level 1 in Spellcasting
  2200 | D:2      | Reached XP level 4. HP: 35/35 MP: 4/6
  2200 | D:2      | Reached XP level 5. HP: 41/41 MP: 4/7
  2635 | D:3      | Noticed Purgy
  2667 | D:3      | Killed Purgy
  2668 | D:3      | Reached XP level 6. HP: 9/47 MP: 8/8
  3126 | D:3      | Found a glowing golden altar of the Shining One.
  3378 | D:3      | Reached skill level 7 in Polearms
  3453 | D:3      | Noticed Sigmund
  3495 | D:3      | Killed Sigmund
  3496 | D:3      | Reached XP level 7. HP: 28/53 MP: 8/10
  3871 | D:4      | Found a sand-covered staircase.
  3871 | D:4      | Noticed Blork the orc
  4136 | D:4      | Noticed Robin
  4155 | D:3      | Reached skill level 8 in Polearms
  4363 | D:4      | Killed Robin
  4369 | Ossuary  | Entered an ossuary
  4470 | Ossuary  | Slain by a mummy

Illustrated notes

Levels and vault maps discovered:
D:1:      nicolae_arrival_memento_mori, layout_loops_ring,
          minmay_rat_gold_closets
D:2:      layout_rooms, ebering_ecumenical_altar_mist, corexii_leaking_fountain,
          minmay_gold_behind_fungi, uniq_crazy_yiuf_cottage
D:3:      layout_basic, tso_oasis_becter, minmay_shallow_snake_nest, uniq_purgy,
          uniq_sigmund
D:4:      layout_rooms, mainiacjoe_overflow_surrounded_room,
          minmay_temple_entry_mist, enter_ossuary_3, solitary_fountain,
          uniq_robin, uniq_blork_the_orc
Ossuary:  ossuary_zaba_flooded

Skill      XL: |  1  2  3  4  5  6  7 |
---------------+----------------------+-----
Polearms       | 5 6 7 8 |  8.5
Fighting       | 3 4 |  4.3
Dodging        | 5 6 |  6.2
Spellcasting   | 1 2 |  2.8
Transmutations | 2 3 |  3.9
Throwing       | |  2.0
Armour         | |  0.5

Action                   |  1- 3 |  4- 6 |  7- 9 || total
-------------------------+-------+-------+-------++-------
Melee: Trident           |   150 |   107 |   211 ||   468
Throw: Boomerang         |    13 |       |       ||    13
 Cast: Beastly Appendage |     1 |       |     2 ||     3
       Wereblood         |       |       |     3 ||     3
Evoke: Wand              |     1 |       |       ||     1
  Use: Scroll            |       |       |     1 ||     1
 Stab: Sleeping          |     4 |     6 |     3 ||    13
       Distracted        |       |       |     1 ||     1
Armor: Leather armour    |    18 |     2 |       ||    20
       Robe              |       |    30 |       ||    30
       Troll leather arm |       |    21 |   131 ||   152
Dodge: Dodged            |    30 |    80 |   212 ||   322
